 Dungeon Crawl Stone Soup version 0.29.0-4-gdea44cf6ec (webtiles) character file.

Game seed: 10747511098619109897

22 qw the Chopper (level 2, -2/17 HPs)
             Began as a Tengu Warper on Aug 28, 2022.
             Succumbed to their own poison gas
             ... on level 1 of the Dungeon.
             The game lasted 00:00:05 (1165 turns).

qw the Chopper (Tengu Warper)                       Turns: 1165, Time: 00:00:05

Health: -2/17      AC:  6    Str: 11    XL:     2   Next: 91%
Magic:  6/6        EV:  9    Int: 13    God:
Gold:   53         SH:  5    Dex: 13    Spells: 5/5 levels left

rFire   . . .      SeeInvis .   Y - +1 hand axe
rCold   . . .      Faith    .   (no shield)
rNeg    . . .      Spirit   .   e - +0 scale mail
rPois   .          Reflect  +   (helmet restricted)
rElec   .          Harm     .   (no cloak)
rCorr   .          Rampage  .   (no gloves)
Will    .....                   (boots unavailable)
Stlth   ..........              i - amulet of reflection
HPRegen 0.05/turn               (no ring)
MPRegen 0.10/turn               (no ring)

@: lethally poisoned (-2 -> -16)
A: beak, talons 3
a: no special abilities


You were on level 1 of the Dungeon.
You visited 1 branch of the dungeon, and saw 1 of its levels.

You collected 53 gold pieces.


Innate Abilities, Weirdness & Mutations

You have a beak for a mouth.
You have claws for feet.


   Skills:
 - Level 2.0 Fighting
 + Level 3.6 Axes
 - Level 1.0 Throwing
 - Level 1.1 Armour
 - Level 2.1 Dodging
 - Level 2.0 Spellcasting
 - Level 2.4 Translocations


You had 5 spell levels left.
You didn't know any spells.
Your spell library contained the following spells:

 Spells                   Type           Power      Damage    Failure   Level
 Blink                    Tloc           14%        N/A       65%         2
 Gell's Gravitas          Tloc           7%         N/A       86%         3
 Lesser Beckoning         Tloc           7%         N/A       86%         3
 Teleport Other           Tloc           7%         N/A       86%         3
 Manifold Assault         Tloc           7%         N/A       100%        5

Inventory:

Hand Weapons
 h - a +0 club
 Y - a +1 hand axe (weapon)
Armour
 e - a +0 scale mail (worn)
Jewellery
 i - an amulet of reflection (around neck)
Scrolls
 f - a scroll of identify

Dungeon Overview and Level Annotations

Branches:
Dungeon (1/15)

Altars:


Message History

1154 ||| UPGRADING to amulet of reflection.
You start putting on your amulet.
You continue putting on your amulet of reflection. x5
You finish putting on your amulet of reflection.
You feel a shielding aura gather around you.
i - an amulet of reflection (around neck) Done exploring.
1159 ||| READING scroll labelled MALIVUC PUVA.
As you read the scroll labelled MALIVUC PUVA, it crumbles to dust.
It is a scroll of enchant weapon.
Your +0 hand axe glows red for a moment.
Done exploring.
1160 ||| READING 2 scrolls labelled GOXZIR DI SUEPS.
As you read the scroll labelled GOXZIR DI SUEPS, it crumbles to dust.
It is a scroll of identify.
Really abort (and waste the scroll)?
Done exploring.
1161 ||| READING scroll labelled QYELET DAPADDY.
The air fills with toxic fumes!
As you read the scroll labelled QYELET DAPADDY, it crumbles to dust.
It was a scroll of poison.
Done exploring.
1162 ||| DROPPING scroll of blinking.
You drop a scroll of blinking.
Done exploring.
(D) Dungeon
Where to? (* - list waypoints, ? - help)
What level of the Dungeon? (default 1, ? - help) Sorry, I don't know how to get there.
Done exploring.
1163 ||| Stepping randomly (stuck).
Really walk into that cloud of poison gas?
You are engulfed in poison gas.
You are lethally poisoned!
You feel very sick.
1164 ||| Stepping ~*~*~tactically~*~*~ (cloud).
You feel very sick.
Things that are here:
a scroll of blinking; a +0 leather armour
There is a lethal amount of poison in your body!
You die...

##...........###.###.#
...........### #¤# #.#
##########.# #¤# #.#
..#.# #.# #¤# #.# #...#
#.# #¤# #.# ####### #.#
#¤###¤# ...#..#
#¤#####¤¤¤¤¤# ##....##
#¤¤¤¤¤¤¤¤¤###
.###...#########@#.####
...#............¤¤¤...#
.#.##.#################
.#..#.........#
#####[.######.#
....#.......#.#
.##.##.#....#.#
.#..##.#.####.#
.#.###.#># #.#


There were no monsters in sight!

Vanquished Creatures
  A dart slug (D:1)
  5 endoplasms (D:1)
  2 goblins (D:1)
  2 hobgoblins (D:1)
  4 ball pythons (D:1)
  A frilled lizard (D:1)
  4 rats (D:1)
19 creatures vanquished.

Notes
Turn   | Place    | Note
-------+----------+-------------------------------------------
     0 | D:1      | qw the Tengu Warper began the quest for the Orb.
     0 | D:1      | Reached XP level 1. HP: 12/12 MP: 4/4
     0 | D:1      | 0 ||| qw: Version: 0.1-a-89-g26bdef1
     0 | D:1      | 0 ||| qw: Game counter: 2448
     0 | D:1      | 0 ||| qw: Always use a shield: true
     0 | D:1      | 0 ||| qw: God list: Okawaru
     0 | D:1      | 0 ||| qw: Allow faded altars: false
     0 | D:1      | 0 ||| qw: Do Orc after D:15 true
     0 | D:1      | 0 ||| qw: Do second Lair branch before Depths: true
     0 | D:1      | 0 ||| qw: Lair rune preference: random
     0 | D:1      | 0 ||| qw: Plans: Normal
     0 | D:1      | 0 ||| PLANNING D:1-11
   237 | D:1      | Reached skill level 3 in Axes
   237 | D:1      | Reached XP level 2. HP: 17/17 MP: 6/6
  1143 | D:1      | 1143 ||| UPGRADING to +0 scale mail.
  1153 | D:1      | 1153 ||| DROPPING +0 leather armour.
  1154 | D:1      | 1154 ||| UPGRADING to amulet of reflection.
  1159 | D:1      | 1159 ||| READING scroll labelled MALIVUC PUVA.
  1160 | D:1      | 1160 ||| READING 2 scrolls labelled GOXZIR DI SUEPS.
  1161 | D:1      | 1161 ||| READING scroll labelled QYELET DAPADDY.
  1162 | D:1      | 1162 ||| DROPPING scroll of blinking.
  1163 | D:1      | 1163 ||| Stepping randomly (stuck).
  1163 | D:1      | HP: 4/17 [poisoned by you (poison gas)]
  1164 | D:1      | 1164 ||| Stepping ~*~*~tactically~*~*~ (cloud).
  1164 | D:1      | HP: 1/17 [poisoned by you (poison gas)]
  1165 | D:1      | Succumbed to their own poison gas

Levels and vault maps discovered:
D:1:      psy_arrival_radial01, layout_basic

Skill      XL: |  1 |
---------------+----+-----
Axes           | 3 |  3.6
Fighting       | |  2.0
Throwing       | |  1.0
Armour         | |  1.1
Dodging        | |  2.1
Spellcasting   | |  2.0
Translocations | |  2.4

Action                   || total
-------------------------++-------
Melee: Hand axe          ||    37
       Peck              ||     5
       Kick              ||     6
Throw: Boomerang         ||     7
  Use: Scroll            ||     3
Armor: Leather armour    ||    10
Dodge: Dodged            ||     7

Table legend:
 A = Non-vault XP
 B = Vault XP
 C = Vault XP percentage of total XP
 D = Non-vault monster count
 E = Vault monster count
 F = Vault count percentage of total count
                 A         B        C        D         E       F
            +---------+---------+-------+---------+---------+-------
      Total |      32 |       0 |   0.0 |      19 |       0 |   0.0
            +---------+---------+-------+---------+---------+-------
        D:1 |      32 |       0 |   0.0 |      19 |       0 |   0.0
            +---------+---------+-------+---------+---------+-------
